cohdb
Replays
Latest Replays
All Replays
Popular Replays
Top Player Replays
Match Explorer
How It Works
Community
CoH3 Stats
Reddit
Sign in to upload your games and track your stats! →
Sign in with Steam
Match 40044374
Unlisted
Match 40044374
Overview
Messages
Build Orders
End
Kradschützen Motorcycle Team
Selects Armored Support Battlegroup
250 Light Carrier
Panzergrenadier Squad
Panzergrenadier Squad
Construct Light Support Kompanie
Panzerjäger Squad
Selects Superior Fire Drills
Assault Mechanized Group
Construct Mechanized Kompanie
Selects Superior Fire Drills
Selects Salvage Kits
Panzerjäger Squad
Support Armor Elements
StuG III D Assault Gun
StuG III D Assault Gun
Selects Panzer Storm
Panzerjäger Mechanized Group
2.5-tonne Medical Truck
deadsadbadmad
Alessandro-9891
Pleikku
Zapotekki
0
0
Comments
sign in to comment!
No comments posted yet!